 Dungeon Crawl Stone Soup version 0.18.1-5-g4a78601 (webtiles) character file.

135926 varam the Black Belt (level 17, -7/137 HPs)
             Began as a Merfolk Transmuter on May 10, 2016.
             Was the Champion of Makhleb.
             Killed from afar by a thorn hunter (26 damage)
             ... with a volley of thorns
             ... on level 3 of the Swamp.
             The game lasted 04:00:02 (44817 turns).

varam the Black Belt (Merfolk Transmuter)          Turns: 44817, Time: 04:00:03

Health: -7/137     AC: 11    Str: 11    XL:     17   Next: 20%
Magic:  22/26      EV: 19    Int: 22    God:    Makhleb [******]
Gold:   104        SH:  5    Dex: 15    Spells: 6 memorised, 0 levels left

rFire  . . .     SeeInvis .       - Unarmed
rCold  + . .     Gourm    .     Q - +3 leather armour {rC+}
rNeg   . . .     Faith    .     (shield currently unavailable)
rPois  .         Spirit   .     s - +2 hat
rElec  .         Dismiss  .     T - +2 cloak
rCorr  .         Reflect  +     (gloves currently unavailable)
SustAt .         Harm     .     (boots currently unavailable)
MR     +....                    p - +5 amulet of reflection
Stlth  ++........               v - +4 ring of intelligence
                                x - ring of wizardry

@: about to teleport, blade hands, grasped by roots, quick, somewhat resistant
to hostile enchantments, unstealthy
A: change form in water, swift swim
a: End Transformation, Minor Destruction, Lesser Servant of Makhleb, Major
Destruction, Greater Servant of Makhleb, Renounce Religion


You were on level 3 of the Swamp.
You worshipped Makhleb.
Makhleb was exalted by your worship.
You were near starving.
You had blades for hands.
You visited 5 branches of the dungeon, and saw 29 of its levels.
You also visited: Labyrinth, Sewer, Ossuary and Bailey.

You collected 3021 gold pieces.
You spent 2917 gold pieces at shops.

Inventory:

Armour
 a - a +0 buckler
 b - a swamp dragon hide
 k - a +0 robe of cold resistance
 o - a +2 robe of magic resistance
 s - a +2 hat (worn)
 I - a +0 pair of boots (melded)
 O - a +2 pair of gloves (melded)
 Q - a +3 leather armour of cold resistance (worn)
 T - a +2 cloak (worn)
Jewellery
 m - a +1 ring of protection
 n - an uncursed amulet of rage
 p - a +5 amulet of reflection (around neck)
 v - a +4 ring of intelligence (right scythe-like blade)
 x - a ring of wizardry (left scythe-like blade)
 H - an uncursed ring of see invisible
 P - an uncursed amulet of the gourmand
Wands
 f - a wand of teleportation (7/9)
 q - a wand of hasting (3/9)
Scrolls
 g - 9 scrolls of remove curse
 h - a scroll of identify
 j - a scroll of recharging
 t - 4 scrolls of fear
 w - a scroll of summoning
 F - a scroll of teleportation
 J - 4 scrolls of magic mapping
 S - a scroll of fog
 Z - 3 scrolls of amnesia
Potions
 e - a potion of resistance
 u - 9 potions of curing
 z - 6 potions of agility
 D - 4 potions of invisibility
 L - 10 potions of haste
 V - 6 potions of heal wounds
Books
 d - an Akashic Record

   Spells                             Type                      Level
   a - Dispersal                      Translocation                6
   b - Malign Gateway                 Summoning/Translocation      7
   c - Disjunction                    Translocation                8
   d - Controlled Blink               Translocation                8
 i - a book of Spatial Translocations

   Spells                             Type                      Level
   a - Apportation                    Translocation                1
   b - Blink                          Translocation                2
   c - Shroud of Golubria             Charms/Translocation         2
   d - Portal Projectile              Translocation                3
   e - Teleport Other                 Translocation                3
   f - Passage of Golubria            Translocation                4
Miscellaneous
 c - a fan of gales
 l - 2 phantom mirrors
Comestibles
 r - 31 fruits


   Skills:
 - Level 13.5 Fighting
 - Level 16.8 Dodging
 - Level 0.6 Shields
 - Level 17.7 Unarmed Combat
 - Level 5.3 Spellcasting
 + Level 5.3 Translocations
 - Level 12.0 Transmutations
 - Level 4.0 Ice Magic
 - Level 2.0 Poison Magic
 - Level 13.2 Invocations


You couldn't memorise any spells.
You knew the following spells:

 Your Spells              Type           Power        Failure   Level  Hunger
a - Blade Hands           Trmt           ######....   10%         5    #####..
b - Passage of Golubria   Tloc           N/A          28%         4    ####...
c - Ice Form              Ice/Trmt       #####...     16%         4    ####...
d - Shroud of Golubria    Chrm/Tloc      ###.......   17%         2    None
e - Controlled Blink      Tloc           N/A          100%        8    #######
z - Spider Form           Trmt/Pois      #####.....   10%         3    ##.....


Dungeon Overview and Level Annotations

Branches:
Dungeon (15/15)            Temple (0/1) D:4            Lair (8/8) D:10
  Swamp (3/4) Lair:6        Snake (0/4) Lair:6        Slime (0/6) Lair:6
    Orc (2/2) D:10            Elf (1/3) Orc:2        Vaults (0/5) D:13
 Depths: D:15

Altars:
Cheibriados
Dithmenos
Fedhas
Kikubaaqudgha
Makhleb
Nemelex Xobeh
Qazlal
Ru
Vehumet
Zin
The Shining One
Beogh
Jiyva

Shops:
D:10 (   Orc:2 }(:(


Message History

The bolt of energy hits the plant.
The thorn hunter hits you!
* * * LOW HITPOINT WARNING * * *
The thorn hunter barely misses you. The shambling mangrove misses you.
Read which item? (? for menu, Esc to quit)
As you read the scroll of teleportation, it crumbles to dust.
You feel strangely unstable.
The ground creaks as gnarled roots bulge its surface.
Roots rise up from beneath your cacodemon and drag it to the ground. x2
Your cacodemon hits the shambling mangrove but does no damage.
Your cacodemon hits the shambling mangrove!
Your cacodemon barely misses the shambling mangrove.
Your cacodemon hits the shambling mangrove!
The shambling mangrove is destroyed!
The grasping roots settle back into the ground.
You slice the thorn hunter!!
The thorn hunter is heavily damaged.
The shambling mangrove completely misses you.
The thorn hunter fires a volley of thorns at you.
The volley of thorns hits you!
You die...

..♣♣P... ≈♣
.P...♣.%. ♣.♣
≈≈....≈.. ♣≈♣
..≈≈PP♣.. ♣≈♣
.∩.≈...≈. ♣♣♣ ♣≈♣
♣..≈..♣.♣♣P♣♣♣♣.♣
♣..≈..≈♣......♣.♣♣
♣♣..≈2.♣.♣♣♣♣.≈≈..♣
...≈P.2@.♣ ♣♣..≈.♣
..≈≈P.≈ffP♣ ♣♣.≈≈♣
≈≈....≈P.♣♣ ♣.≈.♣
.....♣.$.. ♣.≈≈♣
...♣♣P....P ♣≈≈≈♣
≈♣ ......[♣♣ ♣≈≈.♣
♣♣...P.♣♣≈♣♣..≈♣
♣♣♣♣♣♣♣.♣..≈..♣ ♣.
♣♣♣♣♣≈.≈≈..♣♣§.≈≈


You could see a thorn hunter, a shambling mangrove and 2 friendly cacodemons.

Vanquished Creatures
  An orc warlord (Orc:2)
  A stone giant (Orc:2)
  Snorg (Lair:8)
  A vault guard (D:13)
  The ghost of Bubs the Blocker, a journeyman FoFi of Qazlal (D:12)
  2 ogre magi
  6 hydras
  The ghost of pedritolo the Grappler, a journeyman MiAs of Okawaru (D:10)
  A ghost crab (Swamp:2)
  Harold (Lair:2)
  2 death knights
  2 dancing weapons (Elf:1)
  A catoblepas (D:13)
  6 alligators
  2 centaur warriors (D:14)
  A queen ant (Lair:1)
  3 death yaks (Lair:7)
  A tengu warrior (D:14)
  Urug (Lair:2)
  3 orc high priests
  Sonja (D:13)
  3 spriggans (Swamp:2)
  5 skeletal warriors (D:15)
  3 deep elf knights (Elf:1)
  4 unseen horrors
  2 shambling mangroves
  2 spriggan druids (Swamp:2)
  3 hill giants
  2 wizards (D:14)
  2 swamp dragons (Swamp:1)
  A phantasmal warrior (D:12)
  Pikel (D:6)
  6 orc knights
  4 orc sorcerers
  13 deep elf magi
  4 griffons
  2 manticores
  9 ugly things
  2 cyclopes
  Maurice (Orc:2)
  3 elephants
  3 centaur zombies
  6 black mambas
  Psyche (D:8)
  2 gargoyles
  A torpor snail (Lair:2)
  32 spiny frogs
  17 komodo dragons
  4 rime drakes
  A yaktaur (D:13)
  3 kobold demonologists
  2 efreet (D:15)
  4 giant leeches
  A tengu conjurer (D:15)
  10 slime creatures
  8 trolls
  6 two-headed ogres
  A boulder beetle (Lair:4)
  19 blink frogs
  3 bog bodies
  A centaur simulacrum (D:15)
  Sigmund (D:4)
  An air elemental (Elf:1)
  3 wyverns
  2 wraiths
  41 yaks
  4 vampires
  2 basilisks
  2 water elementals (Elf:1)
  13 hippogriffs
  2 hungry ghosts
  3 steam dragons
  11 vampire mosquitoes
  12 swamp worms
  Edmund (D:5)
  5 wargs
  A naga (Lair:6)
  5 soldier ants (Lair:1)
  17 water moccasins
  58 orc warriors
  A black bear (D:11)
  9 porcupines
  2 ice beasts
  3 sky beasts
  9 wasps
  4 phantoms
  3 swamp drakes
  5 necrophages
  2 eyes of draining
  24 ogres
  15 wolves
  9 centaurs
  13 crocodiles
  36 giant frogs
  5 big kobolds
  3 scorpions
  12 killer bees
  5 howler monkeys
  6 wights
  4 electric eels
  7 crimson imps
  15 hounds
  A quasit (D:12)
  6 centaur skeletons
  4 jellies
  35 orc wizards
  A gnoll shaman (D:5)
  25 orc priests
  Crazy Yiuf (D:2)
  A giant frog skeleton (D:9)
  8 iguanas
  17 worker ants
  17 sheep
  2 hound zombies
  2 hound skeletons
  9 mummies (Ossuary)
  2 worker ant zombies (D:11)
  Robin (D:3)
  22 gnolls
  19 adders
  66 river rats
  3 shadow imps
  An ooze (D:6)
  An adder zombie (D:2)
  2 adder skeletons
  3 worms
  2 dart slugs
  9 giant geckos
  138 orcs
  19 bats
  A bat zombie (D:2)
  14 giant cockroaches
  21 goblins
  11 hobgoblins
  12 jackals
  24 kobolds
  6 quokkas
  A giant gecko skeleton (D:6)
  4 giant newts
  2 gnoll skeletons (Ossuary)
  A jackal skeleton (D:8)
  3 kobold skeletons (Ossuary)
  2 orc skeletons (Ossuary)
  A quokka skeleton (D:2)
  19 rats
  7 rat skeletons (Ossuary)
  3 fungi
  A plant (Lair:8)
1162 creatures vanquished.

Vanquished Creatures (collateral kills)
  A minotaur (Lab)
  3 death yaks (Lair:7)
  A tengu warrior (D:15)
  An alligator (Swamp:2)
  3 orc high priests (Orc:2)
  A skeletal warrior (D:12)
  A shambling mangrove (Swamp:3)
  A spriggan druid (Swamp:1)
  A phantasmal warrior (D:12)
  2 orc knights
  A deep elf mage (Elf:1)
  2 hill giants
  5 ugly things (D:15)
  3 elephants
  3 spiny frogs
  A troll (Orc:1)
  Prince Ribbit (D:5)
  2 blink frogs (Lair:3)
  4 slime creatures
  A wraith (D:10)
  2 yaks
  A hippogriff (Lair:2)
  Menkaure (D:5)
  A swamp worm (Swamp:2)
  2 water moccasins
  3 porcupines
  10 orc warriors
  A slave (D:6)
  A phantom (D:10)
  2 wolves
  An ogre (D:10)
  A crocodile (Lair:2)
  2 big kobolds
  4 giant frogs
  A scorpion (D:12)
  2 killer bees (D:10)
  A howler monkey (D:5)
  A crimson imp (D:10)
  A hound (D:6)
  7 orc priests
  3 gnoll shamans (D:6)
  3 orc wizards
  An iguana (D:6)
  A sheep (Lair:5)
  3 mummies (Ossuary)
  5 gnolls
  An adder (D:10)
  4 river rats (Lair:7)
  19 orcs
  3 hobgoblins (D:6)
  2 jackals (D:6)
  A quokka (D:7)
  6 kobolds
  A kobold skeleton (Ossuary)
  4 rat skeletons (Ossuary)
  3 fungi
  2 plants
145 creatures vanquished.

Vanquished Creatures (others)
  A slave (D:6)
  A scorpion (D:6)
  2 crimson imps (D:6)
  A giant gecko (D:6)
  An orc (D:6)
  A goblin (Orc:1)
  2 giant newts (Lair:6)
  8 fungi
  7 plants (Lair:7)
24 creatures vanquished.

Grand Total: 1331 creatures vanquished

Notes
Turn   | Place    | Note
--------------------------------------------------------------
     0 | D:1      | varam the Merfolk Transmuter began the quest for the Orb.
     0 | D:1      | Reached XP level 1. HP: 15/15 MP: 3/3
    86 | D:1      | Found a sparkling altar of Nemelex Xobeh.
   149 | D:1      | Reached XP level 2. HP: 21/21 MP: 3/5
   200 | D:1      | Reached skill level 4 in Unarmed Combat
   698 | D:1      | Reached XP level 3. HP: 26/26 MP: 4/6
   703 | D:1      | Learned a level 3 spell: Spider Form
   706 | D:1      | Learned a level 2 spell: Sticks to Snakes
  1573 | D:2      | Reached skill level 1 in Poison Magic
  1913 | D:2      | Reached XP level 4. HP: 32/32 MP: 3/7
  2456 | D:2      | Reached skill level 5 in Unarmed Combat
  2944 | D:2      | Noticed Crazy Yiuf
  2948 | D:2      | Killed Crazy Yiuf
  2948 | D:2      | Reached XP level 5. HP: 35/37 MP: 1/8
  3263 | D:3      | Found a radiant altar of Vehumet.
  3263 | D:3      | Found a shadowy altar of Dithmenos.
  3263 | D:3      | Found a blossoming altar of Fedhas.
  3263 | D:3      | Found a stormy altar of Qazlal.
  3264 | D:3      | Found a burning altar of Makhleb.
  3264 | D:3      | Found a glowing silver altar of Zin.
  3264 | D:3      | Found an ancient bone altar of Kikubaaqudgha.
  3276 | D:3      | Became a worshipper of Makhleb the Destroyer
  4024 | D:3      | Reached skill level 6 in Unarmed Combat
  4032 | D:3      | Reached XP level 6. HP: 19/43 MP: 6/9
  5121 | D:3      | Reached * piety under Makhleb
  5263 | D:3      | Noticed Robin
  5593 | D:4      | Reached skill level 7 in Unarmed Combat
  6031 | D:4      | Found a staircase to the Ecumenical Temple.
  6086 | D:4      | Noticed Sigmund
  6093 | D:4      | Killed Sigmund
  6093 | D:4      | Reached skill level 8 in Unarmed Combat
  6093 | D:4      | Reached XP level 7. HP: 35/48 MP: 5/10
  6892 | D:4      | Reached ** piety under Makhleb
  6931 | D:5      | Entered Level 5 of the Dungeon
  6993 | D:5      | Reached skill level 9 in Unarmed Combat
  7101 | D:5      | Reached skill level 1 in Invocations
  7101 | D:5      | Reached XP level 8. HP: 44/54 MP: 8/11
  7405 | D:5      | Found a glowing golden altar of the Shining One.
  7424 | D:5      | Noticed Menkaure
  7446 | D:6      | Found a sand-covered staircase.
  7454 | Ossuary  | Entered an ossuary
  7573 | Ossuary  | Reached skill level 10 in Unarmed Combat
  7635 | Ossuary  | Reached *** piety under Makhleb
  7866 | D:6      | Found a glowing drain.
  7872 | D:6      | Reached skill level 5 in Transmutations
  7888 | Sewer    | Entered a sewer
  8137 | Sewer    | Found a white marble altar of Elyvilon.
  8243 | D:6      | Noticed Pikel
  8268 | D:6      | Killed Pikel
  8268 | D:6      | Reached XP level 9. HP: 59/59 MP: 5/12
  8335 | D:6      | Reached **** piety under Makhleb
  8385 | D:6      | Reached skill level 10 in Transmutations
  8685 | D:5      | Killed Menkaure
  9620 | D:5      | Learned a level 5 spell: Blade Hands
  9819 | D:5      | Noticed Prince Ribbit
  9838 | D:5      | Killed Prince Ribbit
 10117 | D:5      | Noticed Edmund
 10141 | D:5      | Killed Edmund
 10527 | D:3      | Killed Robin
 10541 | D:3      | Reached ***** piety under Makhleb
 10699 | D:5      | Reached skill level 11 in Unarmed Combat
 11521 | D:7      | Reached XP level 10. HP: 65/65 MP: 10/13
 12030 | D:7      | Reached skill level 12 in Unarmed Combat
 12082 | D:7      | Learned a level 4 spell: Ice Form
 12973 | D:8      | HP: 3/65 [poisoned by a killer bee]
 13462 | D:8      | Reached skill level 1 in Ice Magic
 13815 | D:8      | Reached skill level 13 in Unarmed Combat
 13929 | D:8      | Noticed Psyche
 13947 | D:8      | Killed Psyche
 14405 | D:8      | Noticed a cyclops
 14694 | D:8      | Killed a cyclops
 14964 | D:8      | Reached skill level 14 in Unarmed Combat
 15390 | D:9      | Reached ****** piety under Makhleb
 15390 | D:9      | Reached XP level 11. HP: 72/72 MP: 14/14
 15717 | D:10     | Entered Level 10 of the Dungeon
 15801 | D:10     | Found a staircase to the Lair.
 15980 | D:10     | Noticed pedritolo's ghost (journeyman MiAs)
 16081 | Lair:1   | Entered Level 1 of the Lair of Beasts
 16528 | Lair:1   | Noticed a five-headed hydra
 16537 | Lair:1   | Killed a five-headed hydra
 16869 | D:10     | Noticed a hill giant
 16883 | D:10     | Killed a hill giant
 16883 | D:10     | Reached skill level 15 in Unarmed Combat
 17308 | D:11     | Reached skill level 5 in Fighting
 17536 | D:11     | Noticed an eight-headed hydra
 17544 | D:11     | Killed an eight-headed hydra
 18080 | D:10     | Found a staircase to the Orcish Mines.
 18083 | D:10     | Found Qysetekupt's Weapon Boutique.
 18097 | D:10     | Reached skill level 5 in Invocations
 18512 | D:10     | Killed pedritolo's ghost
 18909 | D:10     | Noticed a hill giant
 18916 | D:10     | Killed a hill giant
 18916 | D:10     | Reached XP level 12. HP: 85/89 MP: 10/16
 19286 | D:10     | Noticed a death knight
 19294 | D:10     | Killed a death knight
 19655 | D:10     | Reached skill level 5 in Dodging
 20882 | D:12     | Noticed Bubs's ghost (journeyman FoFi)
 20892 | D:12     | Killed Bubs's ghost
 21269 | D:12     | Found a sacrificial altar of Ru.
 21603 | D:12     | Noticed a death knight
 21830 | Lair:1   | Noticed a queen ant
 21856 | Lair:1   | Killed a queen ant
 22534 | Lair:1   | Reached XP level 13. HP: 70/101 MP: 15/19
 23143 | Lair:2   | Noticed Urug
 23149 | Lair:2   | Noticed Harold
 23152 | Lair:2   | Killed Urug
 23161 | Lair:2   | Killed Harold
 23963 | Lair:3   | Found a labyrinth entrance.
 23974 | Lab      | Entered a labyrinth
 24035 | Lab      | Noticed a minotaur
 24043 | Lab      | Killed a minotaur
 24043 | Lab      | Reached skill level 10 in Invocations
 24045 | Lab      | Got a faintly humming ring mail
 24151 | Lab      | Identified the cursed +0 ring mail "Ludwyuw" {rElec} (You took it off a minotaur in a labyrinth)
 24332 | Lab      | Got a fine flail
 24333 | Lab      | Identified the cursed +0 flail of Crystal {crush, rF- Str+2 Int+5} (You found it in a labyrinth)
 25650 | Lair:4   | Got a warped trident
 25651 | Lair:4   | Identified the +10 trident "Fomigefysa" {pierce, *Corrode rPois rF- Str+6} (You found it on level 4 of the Lair of Beasts)
 25727 | Lair:4   | Reached skill level 10 in Fighting
 25747 | Lair:4   | Reached skill level 10 in Dodging
 28504 | Lair:6   | Reached XP level 14. HP: 108/110 MP: 18/22
 28905 | Lair:6   | Found a staircase to the Slime Pits.
 28907 | Lair:6   | Found a viscous altar of Jiyva.
 28923 | Lair:6   | Found a staircase to the Swamp.
 29008 | Lair:6   | Found a staircase to the Snake Pit.
 30288 | Lair:8   | Entered Level 8 of the Lair of Beasts
 30332 | Lair:8   | HP: 4/135 [spiny frog (3)]
 31038 | Lair:8   | Reached skill level 16 in Unarmed Combat
 31290 | Lair:8   | Got a pair of translucent gloves
 31368 | Lair:8   | Identified the -2 pair of gloves of Siwaim {+Fly Stlth+} (You found it on level 8 of the Lair of Beasts)
 32322 | Lair:8   | Noticed Snorg
 32329 | Lair:8   | Killed Snorg
 32329 | Lair:8   | Reached XP level 15. HP: 96/120 MP: 23/23
 33335 | D:13     | You fall through a shaft for 2 floors!
 33335 | D:15     | Entered Level 15 of the Dungeon
 33418 | D:15     | Noticed an Executioner
 34050 | D:13     | Found a stormy altar of Qazlal.
 34424 | D:13     | Noticed Sonja
 34426 | D:13     | Killed Sonja
 34476 | D:13     | Found a gate to the Vaults.
 34659 | D:13     | Reached skill level 15 in Dodging
 34972 | D:14     | Found a sacrificial altar of Ru.
 35441 | D:15     | Found a glowing golden altar of the Shining One.
 35798 | D:15     | Paralysed by an ogre mage for 4 turns
 36564 | Orc:1    | Entered Level 1 of the Orcish Mines
 36575 | Orc:1    | Reached XP level 16. HP: 129/129 MP: 20/25
 36652 | Orc:1    | Found a flagged portal.
 36669 | Bailey   | Entered a bailey
 37531 | Bailey   | Got a fine chain mail
 37542 | Bailey   | Identified the +8 chain mail of Huusk {rF+ Dex+3} (You found it in a bailey)
 37635 | Orc:1    | Paralysed by an ogre mage for 5 turns
 37990 | Orc:1    | Reached skill level 17 in Unarmed Combat
 38264 | Orc:1    | Found a roughly hewn altar of Beogh.
 38336 | Orc:2    | Entered Level 2 of the Orcish Mines
 38336 | Orc:2    | Noticed Maurice
 39183 | Orc:2    | Got an opal-encrusted scale mail
 39304 | Orc:2    | Killed Maurice
 39350 | Orc:2    | Identified the cursed +1 scale mail of Curiosity {rF+ rN+} (You found it on level 2 of the Orcish Mines)
 39469 | Orc:2    | Found a staircase to the Elven Halls.
 39671 | Orc:2    | Found a roughly hewn altar of Beogh.
 39780 | Orc:2    | Found Lyloj's Weapon Emporium.
 39797 | Orc:2    | Found Wyimiwn's Gadget Shoppe.
 40197 | Orc:2    | Bought a wand of teleportation (7/9) for 462 gold pieces
 40464 | Orc:2    | Found a roughly hewn altar of Beogh.
 40549 | Orc:2    | Found Reuferph's Book Boutique.
 40597 | Orc:2    | Found Uvvugaet's Antique Weapon Shop.
 40849 | Orc:2    | Bought a book of Spatial Translocations for 910 gold pieces
 40854 | Orc:2    | Learned a level 4 spell: Passage of Golubria
 40857 | Orc:2    | Learned a level 2 spell: Shroud of Golubria
 41183 | D:10     | Identified a scroll of acquirement
 41314 | Swamp:1  | Entered Level 1 of the Swamp
 41761 | Swamp:1  | Got a bloodstained ring mail
 41769 | Swamp:1  | Found a snail-covered altar of Cheibriados.
 42272 | Swamp:2  | Reached skill level 1 in Translocations
 43099 | Orc:2    | Bought an Akashic Record for 1545 gold pieces
 43156 | Elf:1    | Entered Level 1 of the Elven Halls
 43423 | Orc:2    | Identified the cursed +0 ring mail "Nupev" {-Cast rN+++ Str+3 Dex+3} (You found it on level 1 of the Swamp)
 43439 | Orc:2    | Learned a level 3 spell: Portal Projectile
 43471 | Elf:1    | Reached skill level 5 in Spellcasting
 43482 | Elf:1    | Reached XP level 17. HP: 134/137 MP: 15/26
 44072 | D:10     | Learned a level 8 spell: Controlled Blink
 44735 | Swamp:3  | Reached skill level 5 in Translocations
 44817 | Swamp:3  | Killed from afar by a thorn hunter

Skill      XL: |  1  2  3  4  5  6  7  8  9 10 11 12 13 14 15 16 17 |
---------------+----------------------------------------------------+-----
Unarmed Combat | 4 5 6 8 9 10 11 14 15 16 17 | 17.7
Transmutations | 3 4 9 11 12 | 12.0
Poison Magic   | 1 2 |  2.0
Invocations    | 1 2 5 8 11 12 13 | 13.2
Ice Magic      | 2 3 4 |  4.0
Fighting       | 6 9 10 12 13 | 13.5
Dodging        | 4 7 11 13 16 | 16.8
Spellcasting   | 5 |  5.3
Translocations | 3 5 |  5.3
Shields        | |  0.6

Action                   |  1- 3 |  4- 6 |  7- 9 | 10-12 | 13-15 | 16-18 || total
-------------------------+-------+-------+-------+-------+-------+-------++-------
Melee: Unarmed           |   116 |   167 |   346 |   603 |  1280 |   765 ||  3277
       Headbutt          |    12 |     2 |       |       |       |       ||    14
       Punch             |     1 |       |       |    24 |    42 |    26 ||    93
       Trident           |       |       |       |       |     2 |       ||     2
       Tailslap          |       |       |       |       |       |     8 ||     8
 Cast: Beastly Appendage |    32 |     9 |       |       |       |       ||    41
       Spider Form       |     1 |    30 |    61 |    16 |    30 |     3 ||   141
       Blade Hands       |       |       |     6 |    72 |    90 |    60 ||   228
       Ice Form          |       |       |       |    11 |    25 |    15 ||    51
       Shroud of Golubri |       |       |       |       |       |     2 ||     2
       Portal Projectile |       |       |       |       |       |     1 ||     1
       Passage of Golubr |       |       |       |       |       |     1 ||     1
Invok: Lesser Servant of |       |       |     9 |    29 |    42 |    17 ||    97
       Major Destruction |       |       |       |     1 |     9 |     6 ||    16
       Minor Destruction |       |       |       |       |     6 |    37 ||    43
       Greater Servant o |       |       |       |       |     5 |     6 ||    11
 Abil: Evoke Berserk Rag |       |       |       |       |     2 |       ||     2
       End Transformatio |       |       |       |       |     1 |       ||     1
  Use: Scroll            |       |       |     9 |    12 |    13 |    10 ||    44
       Potion            |       |       |       |       |     5 |     2 ||     7
 Stab: Sleeping          |     2 |     2 |     2 |     4 |    16 |     1 ||    27
       Distracted        |       |       |     3 |     6 |     8 |     6 ||    23
  Eat: Chunk             |     2 |     4 |    17 |    55 |   106 |    58 ||   242
       Bread ration      |     1 |     3 |       |       |       |     1 ||     5
       Royal jelly       |       |     1 |       |       |       |       ||     1
       Fruit             |       |       |     5 |    11 |    12 |     1 ||    29
       Meat ration       |       |       |     1 |     1 |     1 |       ||     3
       Beef jerky        |       |       |       |     3 |       |       ||     3
       Pizza             |       |       |       |       |     1 |       ||     1
Armor: Robe              |    25 |    23 |     9 |    36 |     6 |    29 ||   128
       Skin              |       |     8 |    14 |    18 |    33 |    18 ||    91
       Ring mail         |       |       |       |    19 |       |       ||    19
       Leather armour    |       |       |       |    65 |   128 |    33 ||   226
Dodge: Dodged            |    85 |   176 |   245 |   330 |   983 |   526 ||  2345
Block: Other             |       |       |       |       |       |    50 ||    50
       Reflection        |       |       |       |       |       |     2 ||     2
